 Dungeon Crawl Stone Soup version 0.29.1-13-g9f3cf754e1 (webtiles) character file.

Game seed: 12641081144710800845

105 MacCMillion the Slasher (level 4, -2/38 HPs)
             Began as a Demigod Gladiator on Jan 26, 2023.
             Slain by an orc priest
             ... wielding a +0 whip
              (5 damage)
             ... on level 6 of the Dungeon.
             The game lasted 00:04:28 (3117 turns).

MacCMillion the Slasher (Demigod Gladiator)         Turns: 3117, Time: 00:04:28

Health: -2/38      AC:  5    Str: 15    XL:     4   Next: 29%
Magic:  6/6        EV: 13    Int: 10    God:
Gold:   111        SH:  0    Dex: 19    Spells: 3/3 levels left

rFire   . . .      SeeInvis .   a - +0 long sword
rCold   . . .      Faith    .   (no shield)
rNeg    . . .      Spirit   .   b - +0 leather armour
rPois   .          Reflect  .   c - +0 helmet
rElec   .          Harm     .   (no cloak)
rCorr   .          Rampage  .   u - +0 pair of gloves
Will    .....                   (no boots)
Stlth   +.........              (no amulet)
HPRegen 0.12/turn               (no ring)
MPRegen 0.10/turn               (no ring)

@: studying Throwing
A: high MP 1, forlorn, divine attributes
a: no special abilities


You were on level 6 of the Dungeon.
You visited 1 branch of the dungeon, and saw 4 of its levels.

You collected 111 gold pieces.

Inventory:

Hand Weapons
 a - a +0 long sword (weapon)
 r - a +2 dagger of venom
Missiles
 d - 3 throwing nets (quivered)
 e - 6 javelins
 i - 13 poisoned darts
Armour
 b - a +0 leather armour (worn)
 c - a +0 helmet (worn)
 u - a +0 pair of gloves (worn)
Jewellery
 v - an amulet of magic regeneration
Scrolls
 h - a scroll of fear
 j - 2 scrolls of enchant weapon
 k - a scroll of vulnerability {unknown}
 n - a scroll of acquirement
 p - a scroll of amnesia {unknown}
 q - a scroll of silence {unknown}
 s - a scroll of torment {unknown}
 w - a scroll of poison {unknown}
 x - a scroll of summoning {unknown}
Potions
 g - 2 potions of ambrosia
 l - a potion of mutation {unknown}
 m - 3 potions of lignification
 o - 3 potions of curing
 t - a potion of magic {unknown}


   Skills:
 - Level 3.0 Fighting
 + Level 4.2 Long Blades
 - Level 1.7 Throwing
 - Level 2.7 Dodging


You had 3 spell levels left.
You didn't know any spells.
Your spell library contained the following spells:

 Spells                   Type           Power      Damage    Failure   Level
 Apportation              Tloc           0%         N/A       43%         1
 Beastly Appendage        Tmut           0%         N/A       43%         1
 Sandblast                Erth           0%         2d4       43%         1
 Passwall                 Tmut/Erth      0%         N/A       56%         2
 Wereblood                Tmut           0%         N/A       56%         2
 Spider Form              Tmut/Pois      0%         N/A       80%         3
 Stone Arrow              Conj/Erth      0%         3d7       80%         3
 Alistair's Intoxication  Tmut/Pois      0%         N/A       100%        5


Dungeon Overview and Level Annotations

Branches:
Dungeon (3/15)

Shops:
D:1 :


Innate Abilities, Weirdness & Mutations

You have an increased reservoir of magic. (+10% MP)
You shall have no god before yourself.
Your divine heritage dramatically boosts your attributes as you level up.


Message History

The ufetubus hits you. The ufetubus barely misses you.
You slash the ufetubus!
You kill the ufetubus!
You start resting.
An orc is nearby!
An orc priest comes into view. It is wielding a +0 flail.
The orc priest shouts!
You hear a shout!
The orc priest begins to cast a cantrip, but forgets the words!
Found a scale mail.
Found 10 gold pieces.
You closely miss the orc. The orc misses you.
You hit the orc.
The orc is almost dead.
The orc misses you. The orc closely misses you.
You closely miss the orc.
The orc is almost dead.
An orc priest comes into view. It is wielding a +0 whip.
The orc closely misses you.
The orc priest shouts!
You hit the orc.
You kill the orc!
An orc comes into view. It is wielding a +0 dagger.
You hit the orc priest but do no damage.
The orc priest hits you with a +0 flail.
The orc priest hits you but does no damage.
You closely miss the orc priest. The orc priest hits you with a +0 whip.
The orc priest hits you with a +0 flail.
You hit the orc priest.
The orc priest is lightly wounded.
The orc priest hits you with a +0 flail.
The orc priest hits you with a +0 whip.
The orc priest hits you but does no damage.
The orc priest hits you with a +0 flail!
* * * LOW HITPOINT WARNING * * *
You slash the orc priest!
The orc priest is severely wounded.
The orc priest hits you with a +0 flail.
* * * LOW HITPOINT WARNING * * *
The orc priest hits you with a +0 whip.
You die...

#.....o....#
#.###....###
#.# #.#.##
#o# #.#...
#.# #.#####
#.# #.# #.#
#.#
#.#.###.#
#.[o@oo#
#.#.#####
#.##.# ...
..# ..$ ....
..# ####. ##
.


You could see 2 orc priests and an orc.

Vanquished Creatures
  4 adders
  An ufetubus (D:6)
  A dart slug (D:1)
  2 worms
  2 orcs
  6 endoplasms
  3 giant cockroaches (D:2)
  3 hobgoblins (D:1)
  4 jackals (D:1)
  A quokka (D:2)
  6 ball pythons
  7 bats
  2 frilled lizards (D:2)
  3 goblins
  6 kobolds
  4 rats
55 creatures vanquished.

Notes
Turn   | Place    | Note
-------+----------+-------------------------------------------
     0 | D:1      | MacCMillion the Demigod Gladiator began the quest for the
                  | Orb.
     0 | D:1      | Reached XP level 1. HP: 17/17 MP: 3/3
   506 | D:1      | Reached skill level 3 in Long Blades
   533 | D:1      | Reached XP level 2. HP: 24/24 MP: 4/4
   795 | D:1      | Found Antuj's Book Shoppe.
  1388 | D:2      | Reached XP level 3. HP: 29/30 MP: 5/5
  2612 | D:3      | Reached XP level 4. HP: 20/38 MP: 6/6
  2816 | D:3      | Reached skill level 4 in Long Blades
  3068 | D:3      | You fall into a shaft and drop 3 floors!
  3074 | D:6      | Identified 2 scrolls of acquirement
  3074 | D:6      | Acquired a manual of Throwing
  3117 | D:6      | Slain by an orc priest

Illustrated notes

Levels and vault maps discovered:
D:1:      kennysheep_arrival_seaside, layout_basic, serial_shops, shop
D:2:      layout_basic, ebering_ecumenical_altar_sacrificial,
          nicolae_underground_beach
D:3:      layout_basic, nemelex_dance_club_becter,
          nicolae_overflow_crystal_walls
D:6:      layout_loops_ring, uniq_crazy_yiuf_cottage, uniq_eustachio

Skill      XL: |  1  2  3  4 |
---------------+-------------+-----
Fighting       | 2 3 |  3.0
Long Blades    | 3 4 |  4.2
Throwing       | |  1.7
Dodging        | |  2.7

Action                   |  1- 3 |  4- 6 || total
-------------------------+-------+-------++-------
Melee: Long sword        |   114 |    26 ||   140
       Punch             |     1 |       ||     1
  Use: Scroll            |       |     6 ||     6
 Stab: Sleeping          |     2 |     2 ||     4
Armor: Leather armour    |    37 |    11 ||    48
Dodge: Dodged            |    92 |    22 ||   114
